Map: Automaton LE

Players

Denver

  • Race: Zerg Zerg
  • League: Grandmaster
  • Spawn Location: 9:00

Lambo - Winner!

  • Race: Zerg Zerg
  • League: Grandmaster
  • Spawn Location: 3:00

VOD

Have the link to the VOD?

Description

Time

  • Played on: Jan. 8, 2019, 3:46 p.m.
  • Length: 7:37
Show
View Real Time Build Order
Export as new Build Order

Denver Zerg 

Build Orders: Hatch First, Zergling Baneling 

Get SALT Encoding   

  12  0:00  Drone  
  13  0:13  Overlord  
  13  0:17  Drone  
  14  0:31  Drone x2  
  16  0:50  Hatchery  
  16  0:53  Drone  
  16  0:56  Drone  
  17  1:01  Drone  
  18  1:07  Extractor  
  17  1:17  Spawning Pool  
  16  1:21  Drone  
  16  1:23  Drone  
  18  1:28  Drone  
  19  1:39  Drone  
  20  1:50  Drone  
  21  2:02  Drone x2  
  21  2:03  Queen  
  21  2:04  Queen  
  27  2:11  Metabolic Boost  
  27  2:13  Overlord  
  27  2:16  Drone  
  28  2:32  Zergling x4  
  28  2:33  Zergling x2  
  31  2:41  Hatchery  
  31  2:44  Drone x2  
  31  2:50  Baneling Nest  
  31  2:53  Drone  
  31  2:55  Drone  
  33  2:59  Drone  
  33  3:05  Overlord  
  35  3:12  Drone  
  35  3:13  Drone  
  36  3:21  Overlord  
  36  3:23  Queen  
  36  3:24  Zergling x2  
  36  3:25  Zergling x4  
  41  3:30  Zergling x4  
  43  3:38  Overlord  
  43  3:41  Zergling x2  
  43  3:47  Baneling x5, Drone  
  43  3:48  Drone x2  
  46  3:49  Drone  
  46  3:51  Drone  
  46  3:52  Drone  
  46  3:54  Drone  
  50  4:00  Evolution Chamber, Drone  
  50  4:03  Extractor, Drone  
  50  4:06  Baneling  
  50  4:07  Baneling  
  50  4:08  Drone  
  49  4:19  Drone x6  
  51  4:32  Zergling x16  
  51  4:36  Extractor  
  56  4:38  Zerg Missile Weapons Level 1  
  56  4:43  Roach Warren, Drone  
  56  4:45  Zergling x2  
  56  4:46  Zergling x2  
  56  4:51  Baneling x3  
  58  4:59  Zergling x6  
  62  5:00  Baneling x2  
  62  5:02  Drone  
  62  5:06  Drone x2  
  65  5:10  Overlord  
  65  5:13  Lair  
  66  5:21  Drone  
  66  5:22  Overlord  
  66  5:24  Overlord  
  66  5:26  Overlord  
  64  5:29  Drone  
  64  5:30  Drone x5  
  64  5:33  Drone x2  
  67  5:48  Drone x4  
  70  5:51  Queen  
  70  5:55  Drone x9  
  78  5:59  Extractor x2  
  74  6:06  Zergling x6  
  74  6:07  Zergling x2  
  77  6:13  Baneling x2  
  77  6:17  Overlord  
  75  6:21  Roach x5  
  84  6:30  Roach x5  
  88  6:35  Queen  
  86  6:45  Drone x4  
  83  6:51  Roach x2  
  87  6:54  Overseer  
  87  6:57  Overlord  
  87  7:01  Roach x2  
  87  7:02  Roach  
  87  7:06  Drone x2  
  87  7:07  Drone  
  96  7:15  Roach x2  
  98  7:30  Nydus Network  
Show
View Real Time Build Order
Export as new Build Order

Lambo Zerg - Winner!

Build Orders: Hatch First 

Get SALT Encoding   

  12  0:01  Drone  
  13  0:13  Overlord  
  13  0:18  Drone  
  14  0:32  Drone x2  
  16  0:49  Hatchery  
  15  0:52  Drone  
  15  0:56  Drone  
  17  1:01  Drone  
  18  1:10  Extractor  
  17  1:16  Spawning Pool  
  17  1:18  Drone  
  17  1:21  Drone  
  18  1:28  Drone  
  19  1:41  Drone  
  20  1:52  Overlord  
  20  2:03  Queen x2  
  20  2:05  Zergling x4  
  26  2:10  Metabolic Boost  
  26  2:13  Drone  
  26  2:14  Drone  
  28  2:22  Drone  
  29  2:23  Drone  
  30  2:33  Drone x2  
  32  2:44  Hatchery  
  31  2:45  Drone  
  31  2:50  Overlord  
  32  2:55  Drone  
  33  3:00  Baneling Nest  
  33  3:05  Drone  
  33  3:06  Zergling x4  
  35  3:13  Zergling x2  
  35  3:16  Zergling x2  
  35  3:18  Overlord, Drone x2  
  39  3:24  Drone x2  
  40  3:32  Evolution Chamber  
  39  3:36  Drone x2  
  39  3:40  Drone x2  
  43  3:44  Baneling x2  
  43  3:46  Drone x2  
  47  3:49  Queen  
  47  3:50  Drone  
  47  3:52  Drone x2  
  50  3:56  Zergling x2  
  50  3:59  Zerg Melee Weapons Level 1  
  51  4:04  Drone x2  
  51  4:06  Baneling  
  51  4:08  Baneling  
  51  4:09  Zergling x6  
  53  4:20  Zergling x6  
  53  4:23  Queen  
  56  4:25  Extractor  
  56  4:27  Extractor  
  51  4:31  Zergling x6  
  51  4:32  Zergling x8  
  57  4:39  Baneling  
  57  4:44  Overlord  
  57  4:52  Lair  
  56  5:00  Drone  
  56  5:01  Overlord  
  56  5:04  Drone x8  
  65  5:12  Extractor  
  65  5:13  Baneling x2  
  63  5:17  Drone x3  
  63  5:19  Extractor  
  63  5:20  Extractor, Baneling x2  
  64  5:23  Zergling x2  
  64  5:24  Zergling x4  
  67  5:29  Zergling x4  
  67  5:30  Baneling x2  
  67  5:33  Zergling x2  
  70  5:37  Zergling x2  
  69  5:43  Zergling x8  
  69  5:44  Baneling x2  
  69  5:48  Zergling x2  
  74  5:53  Overlord  
  74  5:56  Spire  
  72  5:59  Overlord  
  72  6:01  Overlord  
  67  6:08  Zergling x12  
  72  6:15  Drone x5  
  77  6:31  Drone x2  
  77  6:32  Zergling x6  
  74  7:01  Overlord  
  74  7:06  Baneling  
  74  7:07  Mutalisk x11  
Tags
 
Add a new tag
Caveats
  • Supply blocks, unpowered buildings, or Contaminate may cause inaccurate times.
  • Supply counts are checked every 10 seconds.